AoeStats
← Girthagoras

Golden Pit

508766542Analyzed
1v1 RM · 8d ago on Sep 24, 2026· 49m 30s· 2 players
Game mode
Random Map
Map size
Tiny (2 player)
Population
200
Speed
Normal
Resources
Standard
Victory
Conquest
Starting age
Dark Age
Ending age
Imperial Age
RankedLock teamsTeams togetherTeam positionsShared explorationLock speedFull tech treeHidden civsTurbo modeCheats
Victory
Defeat
🇲🇽 Mongols · Mexico
905
+17
🇺🇸 Saxons · United States
935
-17
Miox
9:33 Loom
12:10 Feudal Age
11:15 Loom
12:44 Double-Bit Axe
12:40 Horse Collar
13:37 Wheelbarrow
21:44 Castle Age
21:41 Scale Barding Armor
21:51 Forging
23:02 Bow Saw
22:56 Heavy Plow
25:56 Bloodlines
25:46 Husbandry
25:07 Light Cavalry
28:41 Iron Casting
28:26 Chain Barding Armor
32:56 Stone Mining
32:56 Gold Mining
34:12 Hand Cart
37:40 Chain Barding Armor
40:52 Imperial Age
42:01 Hussar
43:16 Conscription
44:00 Blast Furnace
43:29 Nomads
44:06 Hoardings
Girthagoras
3:50 Loom
10:45 Feudal Age
12:41 Double-Bit Axe
14:30 Horse Collar
17:59 Castle Age
19:11 Bow Saw
19:08 Heavy Plow
24:46 Forging
24:37 Scale Mail Armor
29:22 Pikeman
33:20 Iron Casting
33:00 Chain Mail Armor
36:00 Fletching
36:26 Squires
36:12 Arson
38:33 Gold Mining
38:33 Stone Mining
45:09 Imperial Age
48:13 Imperial Age
Connection lost

Rejoining the realm…

Still unreachable

The connection could not be restored.

Session expired

The server has moved on; the page needs a fresh start.